 Dungeon Crawl Stone Soup version 0.29.1-13-g9f3cf754e1 (webtiles) character file.

Game seed: 12547208702537556108

64 LabCoat the Trooper (level 4, -2/40 HPs)
             Began as a Hill Orc Fighter on Feb 10, 2023.
             Splashed by a jelly's acid (9 damage)
             ... on level 3 of the Dungeon.
             The game lasted 00:05:17 (1944 turns).

LabCoat the Trooper (Hill Orc Fighter)              Turns: 1944, Time: 00:05:19

Health: -2/40      AC: -7    Str: 20    XL:     4   Next: 12%
Magic:  4/4        EV:  9    Int:  8    God:
Gold:   75         SH:  4    Dex: 10    Spells: 3/3 levels left

rFire   + . .      SeeInvis .   a - +0 war axe
rCold   + . .      Faith    .   c - +0 buckler
rNeg    . . .      Spirit   .   l - +0 scale mail
rPois   .          Reflect  .   k - +2 hat
rElec   .          Harm     .   e - scarf {rC+ rF+}
rCorr   .          Rampage  .   (no gloves)
Will    .....                   (no boots)
Stlth   ..........              m - amulet of regeneration
HPRegen 0.93/turn               (no ring)
MPRegen 0.09/turn               (no ring)

@: corroded
A: no striking features
a: no special abilities


You were on level 3 of the Dungeon.
You visited 1 branch of the dungeon, and saw 3 of its levels.

You collected 75 gold pieces.

Inventory:

Hand Weapons
 a - a +0 war axe (weapon)
 b - a +1 sling of freezing
 f - a +0 flail
Missiles
 o - 4 boomerangs
Armour
 c - a +0 buckler (worn)
 e - a scarf of resistance (worn)
 k - a +2 hat (worn)
 l - a +0 scale mail (worn)
Jewellery
 m - an amulet of regeneration (around neck)
 p - a ring of magical power
 r - a +6 ring of intelligence
Potions
 d - a potion of might
 h - a potion of mutation
 i - 2 potions of brilliance
 j - a potion of lignification
 n - a potion of curing {unknown}
 q - a potion of attraction {unknown}


   Skills:
 + Level 4.2 Fighting
 * Level 3.7 Axes
 + Level 0.0 Ranged Weapons
 + Level 0.2 Throwing
 + Level 3.5 Armour
 + Level 0.0 Dodging
 + Level 3.9 Shields
 * Level 0.4 Invocations
 + Level 0.5 Evocations


You had 3 spell levels left.
You didn't know any spells.
Your spell library was empty.

Dungeon Overview and Level Annotations

Branches:
Dungeon (3/15)

Altars:


Message History

m - an amulet of regeneration (around neck)
Your library has no spells.
Found an escape hatch in the ceiling.
A hobgoblin comes into view.
The hobgoblin shouts!
You slash the hobgoblin!
You kill the hobgoblin!
An orc comes into view. It is wielding a +0 club.
A jelly comes into view.
The jelly quivers.
Found a stone staircase leading down.
You see here a hobgoblin corpse.
You barely miss the jelly. The jelly hits you but does no damage.
You hit the jelly. The acid corrodes you!
Your hands burn!
The jelly is lightly wounded.
The jelly hits you.
You are splashed with acid!
The jelly hits you.
You are splashed with acid!
You are too injured to fight recklessly!
You feel much better. The jelly hits you but does no damage.
You slash the jelly!
Your hands burn!
The jelly is severely wounded.
You closely miss the orc. The orc hits you but does no damage.
You block the jelly's attack.
You hit the jelly. The acid corrodes you!
Your hands burn!
The jelly is almost dead.
You hit the orc. The orc barely misses you. The jelly hits you.
The acid corrodes you!
You are splashed with acid!
You completely miss the jelly.
The jelly is almost dead.
You closely miss the orc. The orc hits you with a +0 club. The jelly hits you.
The acid corrodes you!
You are splashed with acid.
* * * LOW HITPOINT WARNING * * *
The orc barely misses you. The jelly closely misses you.
You hit the jelly but do no damage. The acid corrodes you!
Your hands burn!
* * * LOW HITPOINT WARNING * * *
The jelly is almost dead.
You barely miss the orc. You block the orc's attack. The jelly hits you.
* * * LOW HITPOINT WARNING * * *
You are splashed with acid!
You die...

#. #.# ###.#.#### #.#
#.# #.......$ #.# #.#
#.##...# #.########.#
#.##...# #
#.....<....###.##...##.#
#..#######...#.........#
#..######.###..........#
#†........# #..........#
.)........# #..#@o..#..#
##..######......J...#
.o. ##.# #######....# ##
#.# ...### #.# #..# #.#
#..# #.# #..# #>.#


You could see a jelly and an orc.

Vanquished Creatures
  An adder (D:2)
  6 ball pythons
  7 bats
  10 endoplasms
  8 goblins
  7 hobgoblins
  3 kobolds
  2 quokkas (D:2)
  A frilled lizard (D:2)
  A rat (D:2)
46 creatures vanquished.

Notes
Turn   | Place    | Note
-------+----------+-------------------------------------------
     0 | D:1      | LabCoat the Hill Orc Fighter began the quest for the Orb.
     0 | D:1      | Reached XP level 1. HP: 19/19 MP: 1/1
   266 | D:1      | Reached XP level 2. HP: 23/27 MP: 2/2
   348 | D:1      | Found a faded altar of an unknown god.
   353 | D:1      | Reached skill level 4 in Fighting
   920 | D:1      | Reached XP level 3. HP: 33/33 MP: 3/3
  1519 | D:2      | Identified the +2 dagger of Hairy Punishment {vorpal,
                  | Fragile Str+3 Dex+6}
  1620 | D:2      | Reached XP level 4. HP: 40/40 MP: 4/4
  1944 | D:3      | Splashed by a jelly's acid

Illustrated notes

Levels and vault maps discovered:
D:1:      dpeg_arrival_solitude, layout_loops_corners,
          chequers_ecumenical_altar_simple
D:2:      layout_loops_ring
D:3:      layout_loops_ring, serial_shops, nicolae_shop_stone

Skill      XL: |  1  2 |
---------------+-------+-----
Fighting       | 4 |  4.2
Axes           | 3 |  3.7
Throwing       | |  0.2
Armour         | |  3.5
Shields        | |  3.9
Invocations    | |  0.4
Evocations     | |  0.5

Action                   |  1- 3 |  4- 6 || total
-------------------------+-------+-------++-------
Melee: War axe           |    89 |    13 ||   102
 Fire: Sling             |    12 |       ||    12
  Use: Scroll            |     4 |     1 ||     5
       Potion            |     1 |     1 ||     2
Armor: Scale mail        |    31 |     5 ||    36
Dodge: Dodged            |    40 |     8 ||    48
Block: Buckler           |    26 |     4 ||    30
